Map: Orbital Shipyard

Players

SeleCT

  • Race: Terran Terran
  • League: Master

IIIIIIIIIIII (State) - Winner!

  • Race: Protoss Protoss
  • League: Master

VOD

Have the link to the VOD?

Description

Time

  • Played on: Feb. 1, 2016, 3 p.m.
  • Length: 10:03
Show
View Real Time Build Order
Export as new Build Order

SeleCT Terran 

Build Orders: MMM Bio 

Get SALT Encoding   

  12  0:01  SCV  
  13  0:13  SCV  
  14  0:18  Supply Depot  
  14  0:25  SCV  
  15  0:39  SCV  
  15  0:40  Barracks  
  16  0:45  Refinery  
  16  0:51  SCV  
  17  1:03  SCV  
  18  1:16  SCV  
  19  1:29  Orbital Command  
  20  1:38  Barracks Reactor  
  19  1:43  Command Center  
  19  1:51  Supply Depot  
  19  1:55  SCV  
  20  2:07  SCV  
  21  2:12  Factory  
  21  2:16  Marine x2  
  21  2:20  SCV  
  24  2:33  SCV  
  24  2:34  Marine x2  
  27  2:45  SCV  
  28  2:52  Marine x2  
  28  2:57  SCV, Factory Tech Lab  
  31  3:01  Starport, Refinery  
  31  3:07  Orbital Command  
  31  3:10  Marine x2  
  31  3:28  Marine  
  31  3:30  Marine  
  33  3:38  SCV x2  
  33  3:39  Supply Depot  
  33  3:41  Supply Depot  
  35  3:48  Marine  
  36  3:54  SCV x2  
  36  4:00  Cyclone, Refinery  
  39  4:06  Marine, SCV x2  
  42  4:18  SCV x2  
  35  4:39  SCV  
  35  4:41  Engineering Bay  
  36  4:47  Starport Tech Lab  
  36  4:48  SCV, Barracks  
  36  4:50  Barracks  
  36  4:51  SCV  
  37  4:54  Barracks Reactor  
  32  5:00  SCV  
  32  5:03  SCV  
  33  5:12  SCV  
  34  5:15  SCV  
  35  5:23  Missile Turret  
  35  5:24  SCV  
  35  5:26  Missile Turret  
  35  5:27  SCV  
  37  5:34  Marine  
  37  5:35  Marine  
  39  5:36  SCV  
  39  5:39  SCV  
  41  5:44  Starport Reactor  
  41  5:45  Combat Shields  
  41  5:47  Marine x2  
  41  5:49  SCV  
  44  5:52  Marine x2  
  46  6:07  SCV x2  
  46  6:08  Marine x2  
  46  6:10  Marine x2  
  49  6:16  Stimpack  
  49  6:17  Liberator  
  44  6:19  Factory Reactor, SCV x2  
  44  6:23  Barracks  
  44  6:24  Barracks  
  46  6:26  Marine x2  
  46  6:29  Marine x2  
  46  6:30  Medivac  
  51  6:34  Supply Depot  
  52  6:44  Marine x2  
  54  6:56  Marine x2  
  48  7:01  Marine  
  48  7:02  Marine  
  48  7:06  SCV  
  48  7:07  SCV  
  45  7:13  Marine x2  
  47  7:16  Factory Reactor  
  47  7:17  Barracks  
  47  7:19  Marine x2  
  49  7:27  SCV x2  
  51  7:36  Supply Depot, Terran Infantry Weapons Level 1  
  51  7:39  Supply Depot  
  51  7:49  Marine x5  
  51  7:53  SCV x2  
  52  8:03  Supply Depot  
  52  8:07  Marine x3  
  52  8:08  Marine x2  
  57  8:16  SCV x2  
  57  8:19  Medivac, Widow Mine x2  
  61  8:20  Marine  
  66  8:31  Marine  
  66  8:32  Marine x4  
  71  8:40  SCV x2  
  73  8:47  Liberator  
  73  8:48  Marine  
  73  8:49  Widow Mine, Marine x3  
  79  9:00  Widow Mine  
  83  9:05  SCV x2  
  86  9:18  Supply Depot  
  86  9:25  Supply Depot  
  86  9:33  Widow Mine  
  86  9:34  Marine  
  86  9:38  Marine  
  86  9:39  Marine  
  86  9:43  Marine x3  
Show
View Real Time Build Order
Export as new Build Order

IIIIIIIIIIII Protoss - Winner!

Build Orders: 1 Gate Expand, Oracle Opening 

Get SALT Encoding   

  12  0:01  Probe (Chrono Boost)  
  13  0:11  Probe (Chrono Boost)  
  14  0:17  Pylon  
  14  0:22  Probe (Chrono Boost)  
  16  0:35  Probe (Chrono Boost), Gateway  
  16  0:42  Assimilator  
  16  0:46  Probe (Chrono Boost)  
  17  0:57  Probe (Chrono Boost)  
  18  1:07  Probe (Chrono Boost)  
  19  1:21  Nexus  
  19  1:23  Probe (Chrono Boost)  
  20  1:34  Cybernetics Core  
  20  1:38  Probe (Chrono Boost)  
  21  1:45  Assimilator  
  21  1:48  Probe (Chrono Boost)  
  22  1:54  Pylon  
  22  1:59  Probe (Chrono Boost)  
  23  2:12  Mothership Core (Chrono Boost), Adept (Chrono Boost)  
  27  2:16  Pylon  
  27  2:19  Warp Gate  
  27  2:31  Probe (Chrono Boost)  
  27  2:33  Probe (Chrono Boost)  
  29  2:39  Adept (Chrono Boost)  
  29  2:42  Probe  
  29  2:43  Probe  
  33  2:54  Stargate, Probe (Chrono Boost)  
  33  2:55  Probe (Chrono Boost)  
  35  3:05  Probe (Chrono Boost)  
  36  3:06  Probe (Chrono Boost)  
  37  3:13  Pylon  
  37  3:14  Pylon  
  37  3:16  Probe (Chrono Boost)  
  37  3:18  Pylon  
  38  3:24  Probe (Chrono Boost)  
  38  3:27  Probe (Chrono Boost)  
  37  3:35  Probe (Chrono Boost)  
  37  3:39  Assimilator, Oracle (Chrono Boost)  
  41  3:41  Probe  
  41  3:42  Adept  
  41  3:44  Assimilator  
  44  3:54  Probe  
  45  3:55  Probe  
  45  3:59  Gateway  
  45  4:00  Gateway  
  46  4:03  Gateway  
  48  4:11  Oracle (Chrono Boost)  
  48  4:14  Robotics Facility  
  48  4:15  Probe  
  48  4:19  Probe  
  50  4:32  Probe  
  50  4:37  Mothership Core, Gateway  
  52  4:39  Forge  
  52  4:44  Probe  
  52  4:47  Twilight Council  
  53  4:55  Probe  
  53  4:59  Probe  
  52  5:03  Pylon  
  52  5:05  Pylon, Probe  
  52  5:11  Probe  
  53  5:15  Resonating Glaives  
  53  5:16  Probe  
  54  5:23  Probe, Adept x3  
  54  5:26  Protoss Ground Weapons Level 1 (Chrono Boost)  
  54  5:27  Probe  
  63  5:28  Observer  
  63  5:35  Oracle (Chrono Boost), Probe  
  67  5:42  Pylon, Probe  
  67  5:45  Pylon  
  68  5:54  Adept  
  70  5:57  Nexus  
  68  6:16  Adept x5  
  76  6:18  Probe x2  
  76  6:23  Pylon  
  78  6:30  Probe  
  78  6:31  Probe  
  78  6:34  Observer  
  78  6:35  Pylon x2  
  79  6:43  Probe x2  
  81  6:52  Adept x2  
  81  6:53  Oracle, Adept x3  
  94  6:55  Probe x2  
  94  6:56  Blink  
  92  7:06  Protoss Ground Armor Level 1 (Chrono Boost)  
  92  7:07  Probe x2  
  79  7:12  Probe  
  80  7:19  Probe  
  80  7:20  Probe  
  80  7:22  Probe  
  82  7:26  Pylon  
  82  7:28  Gateway  
  83  7:30  Gateway  
  83  7:32  Gateway  
  83  7:39  Gateway  
  79  7:52  Probe x2  
  79  7:53  Stalker x2  
  79  7:54  Assimilator, Stalker x3  
  85  7:59  Assimilator  
  85  8:04  Pylon  
  85  8:06  Phoenix (Chrono Boost)  
  85  8:10  Observer  
  87  8:16  Pylon  
  87  8:18  Pylon  
  87  8:19  Pylon  
  87  8:24  Stalker  
  87  8:25  Stalker x2, Sentry  
  87  8:26  Stalker  
  97  8:36  Forge  
  97  8:38  Observer  
  98  8:43  Stalker x4  
  106  8:58  Pylon, Stalker x5  
  116  9:06  Observer  
  117  9:10  Nexus  
  117  9:12  Pylon  
  117  9:13  Pylon  
  117  9:15  Pylon  
  117  9:25  Sentry x2  
  117  9:27  Adept x3  
  119  9:55  Stalker x5  
  119  9:56  Stalker x4  
Tags
 
Add a new tag
Caveats
  • Supply blocks, unpowered buildings, or Contaminate may cause inaccurate times.
  • Supply counts are checked every 10 seconds.